 Dungeon Crawl Stone Soup version 0.30-a0-358-g0d69a1922f (webtiles) character file.

Game seed: 18272969820757933842

35 koil the Chopper (level 3, 0/30 HPs)
             Began as a Hill Orc Reaver on Nov 8, 2022.
             Succumbed to a gnoll's poison
             ... on level 3 of the Dungeon.
             The game lasted 00:02:54 (1733 turns).

koil the Chopper (Hill Orc Reaver)                  Turns: 1733, Time: 00:02:54

Health: 0/30       AC:  4    Str: 14    XL:     3   Next: 35%
Magic:  5/5        EV: 11    Int: 15    God:
Gold:   118        SH:  0    Dex:  9    Spells: 4/5 levels left

rFire   . . .      SeeInvis .    b - +3 dagger (holy)
rCold   . . .      Faith    .    (no shield)
rNeg    . . .      Spirit   .    j - +0 leather armour
rPois   .          Reflect  .    e - +0 helmet
rElec   .          Harm     .    (no cloak)
rCorr   .          Rampage  .    (no gloves)
Will    .....                    (no boots)
Stlth   +.........               (no amulet)
HPRegen 0.25/turn                (no ring)
MPRegen 0.09/turn                (no ring)

@: lethally poisoned (0 -> -4)
A: no striking features
a: no special abilities


You were on level 3 of the Dungeon.
You visited 1 branch of the dungeon, and saw 3 of its levels.

You collected 118 gold pieces.

Inventory:

Hand Weapons
 a - a +0 hand axe
 b - a +3 dagger of holy wrath (weapon)
Missiles
 d - 4 boomerangs
 k - 4 poisoned darts
Armour
 e - a +0 helmet (worn)
 j - a +0 leather armour (worn)
Wands
 r - a wand of polymorph (11)
Scrolls
 c - 5 scrolls of identify {unknown}
 f - 2 scrolls of butterflies {unknown}
 g - a scroll of enchant weapon {unknown}
 i - a scroll of immolation {unknown}
 o - a scroll of brand weapon {unknown}
 q - a scroll of teleportation {unknown}
Potions
 h - 3 potions of curing {unknown}
 l - a potion of degeneration {unknown}
 m - a potion of resistance {unknown}
 n - a potion of haste {unknown}
 p - a potion of heal wounds {unknown}
 s - a potion of mutation {unknown}


   Skills:
 + Level 2.8 Fighting
 + Level 4.3 Axes
 + Level 1.1 Armour
 + Level 1.9 Dodging
 + Level 1.8 Spellcasting
 + Level 3.2 Conjurations


You had 4 spell levels left.
You knew the following spells:

 Your Spells              Type           Power      Damage    Failure   Level
a - Kiss of Death         Conj/Necr      24%        2d7       14%         1

Your spell library contained the following spells:

 Spells                   Type           Power      Damage    Failure   Level
 Momentum Strike          Conj/Tloc      12%        3d8       22%         2
 Hailstorm                Conj/Ice       6%         3d4       41%         3


Dungeon Overview and Level Annotations

Branches:
Dungeon (3/15)

Altars:


Message History

The gnoll hits you with a +0 spear. The gnoll hits you with a +0 club.
You barely miss the gnoll.
The gnoll is moderately wounded.
A bat comes into view.
The gnoll hits you with a +0 spear. The gnoll closely misses you.
You hit the gnoll.
The gnoll is heavily wounded.
The gnoll misses you. The gnoll barely misses you.
The gnoll closely misses you.
You hit the gnoll.
The gnoll is heavily wounded.
The gnoll hits you but does no damage. x2; The gnoll barely misses you.
You hit the gnoll but do no damage.
The gnoll is heavily wounded.
The bat hits you but does no damage. The gnoll misses you.
The gnoll barely misses you. The gnoll hits you with a +0 club.
The bat barely misses you.
You hit the gnoll.
The gnoll is heavily wounded.
The bat hits you but does no damage.
The gnoll hits you from afar with a +0 spear of venom.
You are poisoned.
The bat closely misses you. The gnoll misses you.
The gnoll hits you with a +0 spear. The gnoll attacks as you move away!
The gnoll barely misses you.
You feel very sick. The gnoll hits you with a +0 spear.
The bat barely misses you.
* * * LOW HITPOINT WARNING * * *
You feel very sick. The bat hits you but does no damage.
A bat comes into view.
The bat hits you but does no damage. The gnoll barely misses you.
You feel sick.
The gnoll hits you from afar with a +0 spear.
* * * LOW HITPOINT WARNING * * *
The bat hits you but does no damage. The bat attacks as you move away!
The bat hits you but does no damage.
* * * LOW HITPOINT WARNING * * *
You feel sick. The bat misses you.
You die...

#.#.......#####.
### ..##.....##
... ..# #####...##
#g#..# #+##
#.###g#.# #.#
#....g..#
#.#########g###
##.#.....# #b#
###....###.###.#
###........)...#@#
...<.....###.#.#.#
##...#...#.......#
##.###..#.#.#.###
#............#
######.###.###
#.....# #######


You could see 4 gnolls and a bat.

Vanquished Creatures
  An adder (D:2)
  3 endoplasms
  2 giant cockroaches
  4 goblins
  2 hobgoblins (D:2)
  2 kobolds
  A quokka (D:2)
  2 ball pythons
  3 frilled lizards (D:2)
  4 rats
24 creatures vanquished.

Notes
Turn   | Place    | Note
-------+----------+-------------------------------------------
     0 | D:1      | koil the Hill Orc Reaver began the quest for the Orb.
     0 | D:1      | Reached XP level 1. HP: 18/18 MP: 3/3
   235 | D:1      | You fall into a shaft and drop 1 floor!
   450 | D:1      | Reached XP level 2. HP: 25/25 MP: 4/4
   956 | D:2      | Reached XP level 3. HP: 23/30 MP: 5/5
   958 | D:2      | Reached skill level 1 in Armour
  1731 | D:3      | HP: 2/30 [gnoll/+0 spear (5)]
  1733 | D:3      | Succumbed to a gnoll's poison

Illustrated notes

Levels and vault maps discovered:
D:1:      mrwooster_arrival_statue_2, layout_basic
D:2:      layout_rooms, nicolae_hexahallways
D:3:      layout_loops_corners, hellmonk_ecumenical_altar_crossroads

Skill      XL: |  1  2  3 |
---------------+----------+-----
Armour         | 1 |  1.1
Fighting       | |  2.8
Axes           | |  4.3
Dodging        | |  1.9
Spellcasting   | |  1.8
Conjurations   | |  3.2

Action                   || total
-------------------------++-------
Melee: Hand axe          ||    51
       Dagger            ||    40
Armor: Leather armour    ||    38
Dodge: Dodged            ||    61

Table legend: (Time is in decaauts)
 A = Elapsed time spent in this place.
 B = Non-inter-level travel time spent in this place.
 C = Inter-level travel time spent in this place.
 D = Time resting spent in this place.
 E = Time spent auto-exploring this place.
 F = Levels seen in this place.
 G = Mean time per level.
                   A        B        C        D        E       F      G
               +--------+--------+--------+--------+--------+-----+--------+
         Total |   1736 |   1719 |     17 |      0 |   1476 |   3 |  578.7 |
       Dungeon |   1736 |   1719 |     17 |      0 |   1476 |   3 |  578.7 |
               +--------+--------+--------+--------+--------+-----+--------+

Top non-repeatable levels by time:
     D:2: 811 daAuts
     D:1: 712 daAuts
     D:3: 212 daAuts
